 Dungeon Crawl Stone Soup version 0.22-a0-499-g80674aa (webtiles) character file.

17 Fhqwhgads the Skirmisher (level 2, -5/19 HPs)
             Began as a Gargoyle Fighter on Oct 21, 2018.
             Slain by a worm (6 damage)
             ... on level 2 of the Dungeon.
             The game lasted 00:00:42 (770 turns).

Fhqwhgads the Skirmisher (Gargoyle Fighter)          Turns: 770, Time: 00:00:42

Health: -5/19      AC: 11    Str: 19    XL:     2   Next: 62%
Magic:  2/2        EV:  5    Int:  8    God:
Gold:   17         SH:  9    Dex:  9    Spells: 1/1 levels left

rFire    . . .     SeeInvis .   l - -3 hand axe (curse)
rCold    . . .     Gourm    .   c - +0 shield
rNeg     + . .     Faith    .   j - +0 chain mail
rPois    ∞         Spirit   .   (no helmet)
rElec    +         Reflect  .   (no cloak)
rCorr    .         Harm     .   (no gloves)
MR       .....                  (no boots)
Stlth    ..........             (no amulet)
HPRegen  0.06/turn              (no ring)
MPRegen  0.08/turn              (no ring)

@: no status effects
A: negative energy resistance 1, electricity resistance, unbreathing,
petrification resistance, rot immunity, AC +2
a: no special abilities


You were on level 2 of the Dungeon.
You were not hungry.

You visited 1 branch of the dungeon, and saw 2 of its levels.

You collected 17 gold pieces.

Inventory:

Hand Weapons
 a - a +0 flail
 l - a cursed -3 hand axe (weapon)
Armour
 b - a +0 scale mail
 c - a +0 shield (worn)
 j - a +0 chain mail (worn)
Jewellery
 g - an uncursed ring of stealth {unknown}
Scrolls
 h - a scroll of teleportation {unknown}
 k - a scroll of recharging {unknown}
Potions
 d - a potion of might
 e - a potion of haste {unknown}
 i - a potion of flight {unknown}
 m - 2 potions of heal wounds {unknown}
Comestibles
 f - 4 rations


   Skills:
 + Level 3.6 Fighting
 * Level 2.8 Maces & Flails
 - Level 3.2 Armour
 - Level 3.2 Shields


You had one spell level left.
You didn't know any spells.

Dungeon Overview and Level Annotations

Branches:
Dungeon (2/15)

Altars:


Innate Abilities, Weirdness & Mutations

You are resistant to torment.
Your stone body is resilient. (AC +2)
You are immune to poison.
You resist negative energy. (rN+)
You are resistant to electric shocks. (rElec)
You can survive without breathing.
You are immune to petrification.
You are immune to rotting.


Message History

You are too injured to fight recklessly!
You are too injured to fight recklessly!
You are too injured to fight recklessly!
You are too injured to fight recklessly!
You hit the worm.
The worm is severely wounded.
The worm bites you but does no damage.
Your shield and chain mail prevent you from hitting the worm.
The worm is severely wounded.
The worm bites you.
* * * LOW HITPOINT WARNING * * *
You hit the worm.
The worm is severely wounded.
The worm barely misses you.
Your shield and chain mail prevent you from hitting the worm.
The worm is severely wounded.
Your chain mail prevents you from hitting the worm.
The worm is severely wounded.
The worm bites you.
You die...

#.# #.# #.# ##+## #.#
##...## #.## ##.....##
####..######....>..##
####.........#.........#
......w@.....'...<.....+
####.##...##.#.........#
##.###.##.......## ...#
#.###.....## #.### #.#
##...## #. #.# ##+## .
..# ## ###


You could see a worm.

Vanquished Creatures
  An ooze (D:1)
  A leopard gecko (D:1)
  A giant cockroach (D:1)
  A goblin (D:1)
  A hobgoblin (D:1)
  3 jackals (D:1)
  A frilled lizard (D:1)
  2 rats (D:1)
11 creatures vanquished.

Notes
Turn   | Place    | Note
-------+----------+-------------------------------------------
     0 | D:1      | Fhqwhgads the Gargoyle Fighter began the quest for the Orb.
     0 | D:1      | Reached XP level 1. HP: 14/14 MP: 1/1
   413 | D:1      | Reached XP level 2. HP: 19/19 MP: 2/2
   770 | D:2      | Slain by a worm

Vault maps used:
D:1:      dpeg_arrival_renting
D:2:      lemuel_tele_altar

Action                   || total
-------------------------++-------
Melee: Flail             ||    18
       Hand axe          ||    58
Armor: Scale mail        ||     6
       Chain mail        ||    42
Dodge: Dodged            ||    16
Block: Shield            ||    44

Table legend:
 A = Spawn XP
 B = Non-spawn XP
 C = Spawn XP percentage of total XP
 D = Spawn monster count
 E = Non-spawn monster count
 F = Spawn count percentage of total count
 G = Total turns spent on level
                    A         B        C        D         E        F      G
               +---------+---------+-------+---------+---------+-------+---------
         Total |       0 |      25 |   0.0 |       0 |      11 |   0.0 |   770
               +---------+---------+-------+---------+---------+-------+---------
           D:1 |       0 |      25 |   0.0 |       0 |      11 |   0.0 |   719
               +---------+---------+-------+---------+---------+-------+---------
